Map: Ephemeron LE

Players

cyan

  • Race: Protoss Protoss
  • League: Master
  • Spawn Location: 5:00

SpeCial - Winner!

  • Race: Terran Terran
  • Spawn Location: 11:00

Event: NationWars 2019

VOD

Have the link to the VOD?

Description

Time

  • Played on: Nov. 17, 2019, 11:20 a.m.
  • Length: 10:44
Show
View Real Time Build Order
Export as new Build Order

cyan Protoss 

Build Orders: 1 Gate Expand, Zealot Archon, Dark Templar Rush 

Get SALT Encoding   

  12  0:00  Probe  
  13  0:13  Probe  
  14  0:17  Pylon  
  14  0:25  Probe (Chrono Boost)  
  15  0:37  Probe (Chrono Boost)  
  15  0:38  Gateway  
  16  0:45  Probe (Chrono Boost)  
  16  0:49  Assimilator  
  17  0:51  Probe  
  18  1:03  Probe  
  19  1:15  Probe  
  20  1:26  Cybernetics Core  
  20  1:34  Nexus  
  20  1:37  Probe  
  21  1:44  Pylon  
  21  1:49  Probe  
  21  1:53  Assimilator  
  22  2:00  Adept (Chrono Boost)  
  22  2:02  Probe  
  25  2:14  Probe  
  26  2:20  Stargate  
  25  2:26  Probe  
  25  2:27  Adept (Chrono Boost)  
  28  2:39  Twilight Council  
  28  2:40  Probe (Chrono Boost), Warp Gate  
  29  2:46  Probe (Chrono Boost)  
  31  2:52  Adept  
  31  2:55  Probe (Chrono Boost)  
  31  2:56  Probe (Chrono Boost)  
  34  3:01  Probe (Chrono Boost)  
  34  3:02  Probe  
  36  3:07  Gateway  
  36  3:13  Probe (Chrono Boost)  
  38  3:21  Probe (Chrono Boost)  
  38  3:22  Dark Shrine  
  38  3:24  Probe (Chrono Boost)  
  39  3:29  Probe x2 (Chrono Boost)  
  39  3:32  Pylon  
  41  3:40  Probe  
  42  3:42  Gateway  
  42  3:44  Probe  
  43  3:51  Gateway  
  43  3:52  Probe (Chrono Boost)  
  43  3:54  Charge  
  44  3:56  Probe (Chrono Boost)  
  44  4:01  Assimilator  
  45  4:03  Assimilator  
  45  4:07  Pylon  
  47  4:10  Probe (Chrono Boost)  
  47  4:11  Probe (Chrono Boost)  
  47  4:16  Probe (Chrono Boost)  
  48  4:17  Probe (Chrono Boost)  
  48  4:21  Pylon  
  49  4:26  Probe  
  49  4:28  Probe  
  51  4:33  Pylon  
  51  4:35  Dark Templar x2  
  55  4:40  Dark Templar  
  55  4:43  Probe  
  58  4:47  Dark Templar  
  54  5:10  Nexus  
  54  5:12  Pylon, Robotics Facility  
  54  5:14  Forge  
  54  5:25  Zealot x4  
  54  5:26  Probe x2  
  64  5:34  Blink (Chrono Boost)  
  64  5:38  Probe  
  64  5:42  Gateway  
  63  5:44  Gateway  
  63  5:46  Stalker  
  60  5:52  Stalker  
  60  5:55  Protoss Ground Armor Level 1 (Chrono Boost)  
  63  6:00  Stalker  
  64  6:06  Probe x2  
  66  6:22  Warp Prism (Chrono Boost)  
  66  6:23  Dark Templar  
  70  6:29  Archon  
  70  6:31  Probe (Chrono Boost)  
  73  6:33  Probe (Chrono Boost)  
  73  6:34  Probe (Chrono Boost)  
  73  6:39  Sentry x2  
  77  6:41  Probe (Chrono Boost)  
  77  6:44  Probe x2 (Chrono Boost)  
  77  6:46  Probe (Chrono Boost), Zealot x2  
  84  6:51  Observer  
  84  6:53  Probe x2  
  88  6:57  Probe  
  89  7:06  Gateway  
  89  7:08  Stalker x3, Gateway  
  95  7:13  Pylon, Observer (Chrono Boost)  
  96  7:16  Pylon  
  96  7:22  Dark Templar x2  
  100  7:28  Observer (Chrono Boost)  
  100  7:29  Pylon  
  101  7:30  Pylon, Archon  
  101  7:31  Pylon  
  101  7:36  Observer, Dark Templar  
  103  7:37  Zealot x3  
  109  7:46  Protoss Ground Armor Level 2 (Chrono Boost)  
  109  7:48  Gateway  
  109  7:50  Immortal (Chrono Boost)  
  113  7:52  Gateway  
  112  7:59  Zealot  
  112  8:01  Zealot x2  
  118  8:11  Zealot x4  
  125  8:19  Immortal (Chrono Boost)  
  129  8:32  Zealot x3, Dark Templar x2  
  129  8:33  Zealot  
  141  8:41  Archon  
  137  8:51  Zealot x2  
  137  8:52  Zealot x2  
  137  8:55  Zealot x3  
  140  9:04  Zealot x3  
  114  9:16  Zealot x6  
  94  9:18  Zealot  
  86  9:26  Stalker x3  
  82  9:37  Dark Templar x2  
  82  9:38  Zealot, Dark Templar x2  
  71  9:43  Archon x2  
  71  9:44  Dark Templar  
  70  9:46  Zealot  
  70  9:49  Zealot  
  72  9:58  Zealot x3  
  52  10:07  Stalker  
  52  10:10  Stalker  
  56  10:14  Dark Templar  
  56  10:20  Stalker  
Show
View Real Time Build Order
Export as new Build Order

SpeCial Terran - Winner!

Build Orders: Liberator Opening, Reaper Expand 

Get SALT Encoding   

  12  0:01  SCV  
  13  0:13  SCV  
  14  0:17  Supply Depot  
  14  0:25  SCV  
  15  0:39  SCV  
  15  0:40  Barracks  
  16  0:44  Refinery  
  16  0:51  SCV  
  17  1:03  SCV  
  18  1:15  SCV  
  19  1:28  Orbital Command, Reaper  
  20  1:48  Command Center  
  20  1:52  Supply Depot  
  20  1:53  SCV  
  21  1:59  Marine  
  22  2:05  SCV  
  23  2:11  Factory  
  23  2:16  Refinery  
  23  2:18  SCV  
  23  2:22  Barracks Reactor  
  24  2:27  Bunker  
  24  2:30  SCV  
  24  2:42  SCV  
  25  2:54  SCV  
  25  2:56  Starport  
  25  2:57  Widow Mine  
  28  2:59  Marine x2  
  28  3:05  Orbital Command  
  30  3:09  SCV  
  31  3:17  Marine x2  
  33  3:21  Widow Mine  
  33  3:22  SCV  
  36  3:30  SCV  
  36  3:32  Viking  
  36  3:34  SCV  
  40  3:35  Marine  
  40  3:36  Marine  
  42  3:41  Supply Depot  
  42  3:45  SCV  
  42  3:46  Widow Mine  
  42  3:47  Liberator  
  45  3:49  SCV  
  46  4:02  Supply Depot  
  46  4:03  SCV x2, Marine x2  
  53  4:10  Barracks  
  53  4:15  SCV  
  54  4:19  Factory Tech Lab  
  54  4:24  SCV, Supply Depot  
  54  4:27  SCV  
  54  4:29  Barracks, Marine x2  
  58  4:36  SCV  
  59  4:39  SCV  
  60  4:47  Supply Depot  
  60  4:48  Supply Depot, SCV, Refinery  
  60  4:51  Factory Tech Lab, SCV  
  60  5:00  SCV  
  60  5:01  Raven, Orbital Command  
  60  5:03  SCV  
  55  5:07  Marine x2  
  58  5:21  SCV  
  55  5:29  Marine x2  
  55  5:30  Marine  
  55  5:32  SCV  
  55  5:33  SCV  
  55  5:35  Supply Depot  
  59  5:46  Engineering Bay  
  59  5:47  Supply Depot  
  57  5:50  Barracks Tech Lab  
  57  6:03  Barracks  
  57  6:08  SCV x2, Marine  
  57  6:09  Combat Shield, Marine x2, Stimpack  
  62  6:13  Terran Infantry Weapons Level 1, Supply Depot  
  62  6:15  Factory Reactor  
  62  6:17  Starport Reactor  
  62  6:24  Barracks  
  62  6:32  Supply Depot  
  62  6:35  SCV, Marine x2  
  62  6:36  Marauder  
  67  6:43  Marauder  
  67  6:44  Supply Depot  
  69  6:48  SCV  
  71  6:54  SCV  
  71  6:55  Supply Depot  
  71  6:57  Factory Reactor  
  71  7:00  SCV  
  72  7:01  Medivac  
  72  7:04  Medivac  
  72  7:07  SCV  
  75  7:10  Marine x3  
  75  7:12  Barracks Tech Lab  
  75  7:13  SCV, Marine  
  80  7:19  Supply Depot  
  84  7:23  Marauder x2  
  84  7:25  SCV  
  85  7:30  Concussive Shells  
  85  7:31  Supply Depot, Marauder  
  87  7:40  Medivac  
  87  7:41  SCV x2  
  87  7:42  Supply Depot  
  91  7:45  Widow Mine  
  93  7:53  SCV  
  93  7:54  SCV, Medivac  
  93  7:58  Marine x2  
  97  7:59  Marine x2  
  97  8:02  Marauder x3  
  107  8:09  Widow Mine  
  109  8:16  Marine x2  
  109  8:18  Supply Depot  
  111  8:22  Marine x2  
  111  8:23  Marauder x2  
  111  8:24  Marauder  
  117  8:34  Marine  
  117  8:39  Marine  
  117  8:40  Marine x2, Widow Mine  
  123  8:45  Marauder  
  123  8:48  Marauder  
  126  8:50  Marauder  
  120  8:56  Marine  
  120  8:57  Marine  
  120  8:58  Marine  
  120  9:02  Marine  
  120  9:06  Marauder  
  120  9:09  Marauder  
  83  9:11  Marauder  
  83  9:14  Marine  
  83  9:16  Marine  
  69  9:25  SCV x2  
  69  9:27  Marauder  
  69  9:31  Marauder  
  75  9:32  Widow Mine  
  75  9:33  Marauder  
  75  9:37  Marine  
  80  9:42  SCV  
  80  9:44  SCV  
  82  9:49  Marine  
  83  9:56  Marauder  
  75  10:00  SCV  
  75  10:05  SCV  
  73  10:12  SCV  
  74  10:24  SCV  
  74  10:26  SCV  
Tags
 
Add a new tag
Caveats
  • Supply blocks, unpowered buildings, or Contaminate may cause inaccurate times.
  • Supply counts are checked every 10 seconds.